 Dungeon Sprint DCSS version 0.19-a0-1803-g97ff39f (webtiles) character file.

30 Naow the Cudgeler (level 3, 0/49 HPs)
             Began as a Minotaur Fighter on Oct 5, 2016.
             Was an Initiate of Makhleb.
             Slain by a troll (7 damage)
             ... in the Dungeon (Sprint IX: "|||||||||||||||||||||||||||||").
             The game lasted 00:01:08 (127 turns).

Naow the Cudgeler (Minotaur Fighter)                 Turns: 127, Time: 00:01:09

Health: 0/49       AC: 12    Str: 25    XL:     3   Next: 3%
Magic:  2/2        EV:  4    Int:  6    God:    Makhleb [......]
Gold:   0          SH: 10    Dex: 15    Spells: 0 memorised, 2 levels left

rFire  . . .     SeeInvis .     a - +0 flail
rCold  . . .     Gourm    .     r - +0 plate armour
rNeg   . . .     Faith    .     c - +0 shield
rPois  .         Spirit   .     (helmet restricted)
rElec  .         Dismiss  .     q - +0 cloak
rCorr  .         Reflect  .     (no gloves)
MR     .....     Harm     .     (no boots)
Stlth  .......... NoTele   +    (no amulet)
                                t - +3 ring of dexterity
                                s - +3 ring of dexterity

@: berserking, lethally poisoned (0 -> -2), very quick
A: retaliatory headbutt, horns 2
a: Renounce Religion


You were in the Dungeon.
You worshipped Makhleb.
Makhleb was noncommittal.
You were not hungry.

You visited 1 branch

Inventory:

Hand Weapons
 a - a +0 flail (weapon)
Armour
 b - a +0 scale mail
 c - a +0 shield (worn)
 q - a +0 cloak (worn)
 r - a +0 plate armour (worn)
Jewellery
 s - a +3 ring of dexterity (left hand)
 t - a +3 ring of dexterity (right hand)
Wands
 p - a wand of iceblast (7/15)
Scrolls
 k - 2 scrolls of blinking
 n - 3 scrolls of remove curse
 o - 2 scrolls of amnesia
Potions
 d - a potion of might
 e - 5 potions of curing
 g - 3 potions of heal wounds
 h - a potion of haste
 i - 4 potions of magic
 m - a potion of invisibility
Comestibles
 f - a bread ration
 l - 9 chunks of flesh


   Skills:
 - Level 3.7 Fighting
 + Level 7.3 Maces & Flails
 - Level 3.8 Armour
 - Level 3.9 Shields


You had 2 spell levels left.
You didn't know any spells.

Dungeon Overview and Level Annotations

Branches:
Dungeon (1/1)

Altars:
Cheibriados
Dithmenos
Elyvilon
Fedhas
Gozag
Hepliaklqana
Kikubaaqudgha
Makhleb
Nemelex Xobeh
Okawaru
Qazlal
Ru
Sif Muna
Trog
Uskayaw
Vehumet
Xom
Yredelemnul
Zin
The Shining One
Beogh
Jiyva
Lugonu


Innate Abilities, Weirdness & Mutations

You reflexively headbutt those who attack you in melee.
You have a pair of horns on your head.


Message History

Increase (S)trength, (I)ntelligence, or (D)exterity?
You feel clever.
You feel sick. The troll bites you! The troll claws you.
* * * LOW HITPOINT WARNING * * *
You block the troll's attack.
A red film seems to cover your vision as you go berserk!
You feel yourself moving faster!
You feel mighty! The troll bites you.
* * * LOW HITPOINT WARNING * * *
The troll claws you but does no damage. x2
You sock the troll!
The troll is moderately wounded.
You bludgeon the troll!!
The troll is almost dead.
The troll bites you but does no damage. You block the troll's attack. x2
You closely miss the troll.
The troll is severely wounded.
The troll bites you.
* * * LOW HITPOINT WARNING * * *
The troll claws you but does no damage. The troll claws you!
You die... ▓▓▓▓▓▓▓▓▓▓▓▓▓▓▓▓▓▓▓▓▓▓▓▓ ______.'..|)[...@TWZZc.. ▓▓▓▓▓▓▓▓▓▓▓▓▓▓▓▓▓▓▓▓▓▓▓▓

You could see a troll, a wraith, a centaur, a jackal zombie and a bat skeleton.

Vanquished Creatures
  2 adders (D)
  An orc (D)
  A ball python (D)
  A bat skeleton (D)
  A bat zombie (D)
  A quokka (D)
  3 bats (D)
  A rat (D)
11 creatures vanquished.

Notes
Turn   | Place    | Note
-------+----------+-------------------------------------------
     0 | D        | Naow the Minotaur Fighter began the quest for the Orb.
     0 | D        | Reached XP level 1. HP: 19/19 MP: 0/0
     8 | D        | Reached skill level 3 in Maces & Flails
    18 | D        | Reached skill level 4 in Maces & Flails
    39 | D        | Reached skill level 5 in Maces & Flails
    39 | D        | Reached XP level 2. HP: 27/27 MP: 1/1
    45 | D        | Reached skill level 6 in Maces & Flails
    57 | D        | Found a roughly hewn altar of Beogh.
    57 | D        | Found a snail-covered altar of Cheibriados.
    57 | D        | Found a shadowy altar of Dithmenos.
    57 | D        | Found a white marble altar of Elyvilon.
    57 | D        | Found a blossoming altar of Fedhas.
    57 | D        | Found an opulent altar of Gozag.
    58 | D        | Found a hazy altar of Hepliaklqana.
    59 | D        | Found a viscous altar of Jiyva.
    60 | D        | Found an ancient bone altar of Kikubaaqudgha.
    61 | D        | Found a corrupted altar of Lugonu.
    62 | D        | Found a burning altar of Makhleb.
    63 | D        | Found a sparkling altar of Nemelex Xobeh.
    64 | D        | Found an iron altar of Okawaru.
    65 | D        | Found a stormy altar of Qazlal.
    66 | D        | Found a sacrificial altar of Ru.
    67 | D        | Found a deep blue altar of Sif Muna.
    68 | D        | Found a bloodstained altar of Trog.
    69 | D        | Found a hide-covered altar of Uskayaw.
    70 | D        | Became a worshipper of Makhleb the Destroyer
    71 | D        | Found a radiant altar of Vehumet.
    72 | D        | Found a shimmering altar of Xom.
    73 | D        | Found a basalt altar of Yredelemnul.
    74 | D        | Found a glowing silver altar of Zin.
    75 | D        | Found a glowing golden altar of the Shining One.
   119 | D        | Noticed a troll
   119 | D        | Noticed a wraith
   119 | D        | Noticed a centaur
   123 | D        | Reached skill level 7 in Maces & Flails
   123 | D        | Reached XP level 3. HP: 22/33 MP: 2/2
   127 | D        | Slain by a troll

Vault maps used:
D:        linesprint

Skill      XL: |  1  2 |
---------------+-------+-----
Maces & Flails | 5 7 |  7.3
Fighting       | |  3.7
Armour         | |  3.8
Shields        | |  3.9

Action                   || total
-------------------------++-------
Melee: Flail             ||    33
       Headbutt          ||     3
  Use: Potion            ||     1
Armor: Scale mail        ||    16
       Plate armour      ||     5
Dodge: Dodged            ||     7
Block: Shield            ||    19
